 Dungeon Crawl Stone Soup version 0.30-a0-137-gd8773701ce (webtiles) character file.

Game seed: 12260103210790931769

24 Dreamer the Insei (level 3, 0/23 HPs)
             Began as an Octopode Transmuter on Sept 22, 2022.
             Slain by a jackal (2 damage)
             ... on level 1 of the Dungeon.
             The game lasted 00:01:25 (488 turns).

Dreamer the Insei (Octopode Transmuter)              Turns: 488, Time: 00:01:25

Health: 0/23       AC:  1    Str:  9    XL:     3   Next: 2%
Magic:  6/6        EV: 13    Int: 17    God:
Gold:   16         SH:  0    Dex: 12    Spells: 5/6 levels left

rFire   . . .      SeeInvis .    b - +0 dagger
rCold   . . .      Faith    .    (no shield)
rNeg    . . .      Spirit   .    (helmet restricted)
rPois   .          Reflect  .    (no amulet)
rElec   .          Harm     .    (no ring)
rCorr   .          Rampage  .    (no ring)
Will    .....                    (no ring)
Stlth   ++........               (no ring)
HPRegen 0.07/turn                (no ring)
MPRegen 0.10/turn                (no ring)
                                 (no ring)
                                 (no ring)

@: no status effects
A: almost no armour, amphibious, 8 rings, camouflage 1, gelatinous body 1,
(nimble swimmer 1), tentacles
a: no special abilities


You were on level 1 of the Dungeon.
You visited 1 branch of the dungeon, and saw 1 of its levels.

You collected 16 gold pieces.

Inventory:

Hand Weapons
 b - a +0 dagger (weapon)
Missiles
 e - 4 poisoned darts
Scrolls
 c - a scroll of vulnerability {unknown}
Potions
 a - a potion of lignification
 d - a potion of invisibility {unknown}


   Skills:
 - Level 1.0 Fighting
 - Level 2.0 Dodging
 - Level 3.0 Unarmed Combat
 - Level 2.0 Spellcasting
 * Level 3.0 Transmutations
 + Level 1.2 Ice Magic


You had 5 spell levels left.
You knew the following spells:

 Your Spells              Type           Power      Damage    Failure   Level
a - Beastly Appendage     Tmut           24%        N/A       5%          1

Your spell library contained the following spells:

 Spells                   Type           Power      Damage    Failure   Level
 Wereblood                Tmut           12%        N/A       9%          2
 Spider Form              Tmut/Pois      6%         N/A       30%         3
 Ice Form                 Ice/Tmut       8%         N/A       63%         4


Dungeon Overview and Level Annotations

Branches:
Dungeon (1/15)

Altars:


Innate Abilities, Weirdness & Mutations

You cannot wear most types of armour.
You are amphibious.
You can wear up to eight rings at the same time.
Your skin changes colour to match your surroundings (Stealth+).
Your rubbery body absorbs attacks. (AC +1, EV +1)
((You are camouflaged when in or above water. (Stealth+)))
You have tentacles for arms and can constrict up to eight enemies at once.


Message History

The jackal is heavily wounded.
The jackal bites you.
A jackal comes into view.
The jackal bites you. The bat barely misses you.
A jackal comes into view.
You closely miss the jackal. You grab the jackal.
The jackal is heavily wounded.
You constrict the jackal. The bat misses you. The bat barely misses you.
The jackal bites you but does no damage.
You hit the jackal.
You kill the jackal!
The bat hits you.
Your Transmutations skill increases to level 3!
You closely miss the bat. You grab the bat.
You tentacle-slap the bat, but do no damage.
You squeeze the bat.
You kill the bat!
You have reached level 3!
Your experience leads to an increase in your attributes!
Increase (S)trength, (I)ntelligence, or (D)exterity?
You feel clever. x2
You swing at nothing.
You hit the jackal but do no damage. Your grab misses the jackal.
The jackal bites you. The rat bites you. The jackal misses you.
The jackal bites you.
* * * LOW HITPOINT WARNING * * *
You miss the jackal. You grab the jackal.
You constrict the jackal, but do no damage.
The rat closely misses you. The jackal misses you.
The jackal closely misses you.
You hit the jackal.
The jackal is heavily wounded.
You constrict the jackal. The jackal bites you.
* * * LOW HITPOINT WARNING * * *
The jackal closely misses you. The rat bites you.
* * * LOW HITPOINT WARNING * * *
You hit the jackal but do no damage. You squeeze the jackal.
You kill the jackal!
The jackal bites you.
You die...

. # ....>..... # #####
#........# ##..#
##...###.......# ##..#
.....##.......# ##..#
#...##.......#
##..######..........#
.......##(...))..h..#
..............†r@†..#
...............>....#
.......####.............
.........##...##.#$##.#.
......##.##...##.#.# #
....................
..............##.#.#.
..............##...#..
........#...... #..
.§.#..


You could see a jackal and a rat.

Vanquished Creatures
  A dart slug (D:1)
  2 ball pythons (D:1)
  A bat (D:1)
  A giant cockroach (D:1)
  5 goblins (D:1)
  2 hobgoblins (D:1)
  3 jackals (D:1)
  2 kobolds (D:1)
  A quokka (D:1)
18 creatures vanquished.

Notes
Turn   | Place    | Note
-------+----------+-------------------------------------------
     0 | D:1      | Dreamer the Octopode Transmuter began the quest for the
                  | Orb.
     0 | D:1      | Reached XP level 1. HP: 13/13 MP: 3/3
   245 | D:1      | Reached XP level 2. HP: 18/18 MP: 5/5
   286 | D:1      | Reached skill level 1 in Ice Magic
   484 | D:1      | Reached XP level 3. HP: 9/23 MP: 6/6
   488 | D:1      | Slain by a jackal

Illustrated notes

Levels and vault maps discovered:
D:1:      amcnicky_arrival_underground_garden, layout_rooms,
          shapermc_ecumenical_altar_ellora

Skill      XL: |  1  2 |
---------------+-------+-----
Ice Magic      | 1 |  1.2
Transmutations | 3 |  3.0
Fighting       | |  1.0
Dodging        | |  2.0
Unarmed Combat | |  3.0
Spellcasting   | |  2.0

Action                   || total
-------------------------++-------
Melee: Unarmed           ||    12
       Constrict         ||    15
       Tentacles         ||    12
       Dagger            ||    37
       Punch             ||     1
Armor: Skin              ||     2
Dodge: Dodged            ||    39

Table legend: (Time is in decaauts)
 A = Elapsed time spent in this place.
 B = Non-inter-level travel time spent in this place.
 C = Inter-level travel time spent in this place.
 D = Time resting spent in this place.
 E = Time spent auto-exploring this place.
 F = Levels seen in this place.
 G = Mean time per level.
                   A        B        C        D        E       F      G
               +--------+--------+--------+--------+--------+-----+--------+
         Total |    486 |    486 |      0 |    294 |     74 |   1 |  486.0 |
       Dungeon |    486 |    486 |      0 |    294 |     74 |   1 |  486.0 |
               +--------+--------+--------+--------+--------+-----+--------+

Top non-repeatable levels by time:
     D:1: 486 daAuts
